 Dungeon Crawl Stone Soup version 0.26-a0-1129-gc5df7fbe6a (webtiles) character file.

Game seed: 6608295245663465819

2997 Gargoyl the Fighter (level 9, -10/74 HPs)
             Began as a Gnoll Abyssal Knight on Dec 18, 2020.
             Was an Elder of Lugonu.
             Mangled by an orc warrior
             ... wielding a +0 glaive
              (11 damage)
             ... on level 7 of the Dungeon.
             The game lasted 00:08:34 (6324 turns).

Gargoyl the Fighter (Gnoll Abyssal Knight)          Turns: 6324, Time: 00:08:35

Health: -10/74     AC: 16    Str: 24    XL:     9   Next: 84%
Magic:  15/15      EV: 15    Int: 15    God:    Lugonu [****..]
Gold:   529        SH:  0    Dex: 12    Spells: 17/17 levels left

rFire    . . .     SeeInvis .   l - +4 quarterstaff (chaos)
rCold    . . .     Faith    .   (shield currently unavailable)
rNeg     . . .     Spirit   .   e - +1 chain mail
rPois    .         Reflect  .   y - +0 helmet
rElec    .         Harm     .   j - +1 cloak
rCorr    .         Rampage  .   w - +0 pair of gloves
Will     .....     Rnd*Rage +   (no boots)
Stlth    ..........             g - amulet of the acrobat
HPRegen  0.22/turn              c - +6 ring of strength
MPRegen  0.14/turn              i - +4 ring of evasion

@: studying Ice Magic
A: distributed training, fangs 1, berserk 1, clumsy 1, subdued magic 1, strong
nose
a: Renounce Religion, Depart the Abyss, Bend Space, Banish, Corrupt


You were on level 7 of the Dungeon.
You worshipped Lugonu.
Lugonu was greatly pleased with you.
You visited 1 branch of the dungeon, and saw 7 of its levels.
You visited the Abyss 2 times.

You collected 529 gold pieces.

Inventory:

Hand Weapons
 a - a +3 hand axe
 l - a +4 quarterstaff of chaos (weapon)
Missiles
 v - 58 poisoned darts
Armour
 e - a +1 chain mail (worn)
 j - a +1 cloak (worn)
 w - a +0 pair of gloves (worn)
 y - a +0 helmet (worn)
Jewellery
 c - a +6 ring of strength (left hand)
 g - an amulet of the acrobat (around neck)
 i - a +4 ring of evasion (right hand)
 k - a cursed ring of protection from fire {unknown}
Wands
 d - a wand of flame (23)
Scrolls
 h - a scroll of identify
 u - 2 scrolls of remove curse
 x - a scroll of teleportation
Potions
 b - a potion of berserk rage
 f - 2 potions of heal wounds
 m - 6 potions of curing
 n - a potion of might
 o - 2 potions of magic
 p - 2 potions of ambrosia
 q - a potion of resistance {unknown}
 s - 2 potions of brilliance {unknown}
 t - a potion of cancellation {unknown}
Books
 r - a manual of Ice Magic


   Skills:
 + Level 8.1 Fighting
 + Level 4.6 Short Blades
 + Level 4.6 Long Blades
 + Level 6.6 Axes
 + Level 4.6 Maces & Flails
 + Level 4.6 Polearms
 + Level 4.6 Staves
 + Level 4.6 Slings
 + Level 4.6 Bows
 + Level 4.6 Crossbows
 + Level 4.6 Throwing
 + Level 6.6 Armour
 + Level 5.3 Dodging
 + Level 4.6 Stealth
 + Level 4.6 Shields
 + Level 4.6 Unarmed Combat
 + Level 4.6 Spellcasting
 + Level 3.8 Conjurations
 + Level 3.8 Hexes
 + Level 3.8 Summonings
 + Level 3.8 Necromancy
 + Level 3.8 Translocations
 + Level 3.8 Transmutations
 + Level 3.8 Fire Magic
 + Level 4.0 Ice Magic
 + Level 3.8 Air Magic
 + Level 3.8 Earth Magic
 + Level 3.8 Poison Magic
 + Level 6.9 Invocations
 + Level 4.6 Evocations


You had 17 spell levels left.
You didn't know any spells.
Your spell library contained the following spells:

 Spells                   Type           Power        Failure   Level
 Apportation              Tloc           22%          19%         1
 Lesser Beckoning         Tloc           5%           50%         3
 Tukima's Dance           Hex            11%          50%         3
 Alistair's Intoxication  Tmut/Pois      7%           99%         5
 Invisibility             Hex            11%          100%        6


Dungeon Overview and Level Annotations

Branches:
Dungeon (7/15)             Temple (0/1) D:4

Altars:
Gozag
Makhleb
Okawaru
Sif Muna
Wu Jian


Innate Abilities, Weirdness & Mutations

Your experience applies equally to all skills.
You have very sharp teeth.
Your uncanny sense of smell can sniff out nearby items.
You tend to lose your temper in combat.
You are clumsy. (Dex -2)
Your spells are a little easier to cast, but a little less powerful.


Message History

The orc wizard hits you but does no damage.
Unknown command.
You closely miss the orc. The orc warrior closely misses you.
The orc hits you but does no damage. x2; The orc completely misses you.
The orc wizard barely misses you.
Unknown command.
The orc warrior hits you from afar with a +0 glaive!!!
Ouch! That really hurt!
* * * LOW HITPOINT WARNING * * *
The orc completely misses you. The orc wizard casts a spell at you.
You easily resist.
Unknown command.
You hit the orc. Lightning courses through the orc!!
You kill the orc!
Lugonu accepts your kill.
You feel less confused. The orc barely misses you.
The orc hits you but does no damage.
The orc warrior hits you from afar with a +0 glaive!
You die...

#..............#≈....##
#..............######'#
..........####.#
...............#
..........######
####......# . #......#
.# #......# .#
#...@o.#####
#..o)o.....#
+...o......#
#..........#
#..........#
#..........#
#..........# ###
#..........# ..##
...........#


You could see an orc warrior (strong), an orc wizard and 2 orcs.

Vanquished Creatures
  A troll (D:7)
  Grinder (D:3)
  2 neqoxecs (Abyss:2)
  2 black bears (D:7)
  An orc warrior (D:6)
  A sky beast (D:7)
  An ice beast (D:7)
  A centaur (D:5)
  5 ogres
  3 bullfrogs
  A howler monkey (D:6)
  6 orc priests
  A bullfrog skeleton (D:5)
  A centaur skeleton (D:5)
  Crazy Yiuf (D:2)
  An iguana (D:4)
  6 orc wizards
  9 worker ants
  A killer bee zombie (D:6)
  A hound skeleton (D:5)
  12 adders
  2 white imps (D:6)
  An ufetubus (D:6)
  An ooze (D:3)
  An adder zombie (D:5)
  2 worms
  5 dart slugs
  2 leopard geckos
  29 orcs
  8 bats
  6 giant cockroaches
  10 goblins
  5 hobgoblins (D:1)
  8 jackals
  8 kobolds
  5 quokkas
  A ball python (D:1)
  A ball python skeleton (D:6)
  5 frilled lizards
  A quokka zombie (D:5)
  8 rats
167 creatures vanquished.

Notes
Turn   | Place    | Note
-------+----------+-------------------------------------------
     0 | Abyss:1  | Gargoyl the Gnoll Abyssal Knight began the quest for the
                  | Orb.
     0 | Abyss:1  | Reached XP level 1. HP: 23/23 MP: 3/3
   126 | Abyss:2  | Noticed a lich
   134 | D:1      | Escaped the Abyss
   168 | D:1      | Reached * piety under Lugonu
   173 | D:1      | Reached XP level 2. HP: 29/29 MP: 5/5
   319 | D:1      | Reached XP level 3. HP: 33/35 MP: 6/6
   446 | D:1      | Reached ** piety under Lugonu
   779 | D:2      | Reached skill level 1 in Short Blades
   779 | D:2      | Reached skill level 1 in Long Blades
   779 | D:2      | Reached skill level 1 in Maces & Flails
   779 | D:2      | Reached skill level 1 in Polearms
   779 | D:2      | Reached skill level 1 in Staves
   779 | D:2      | Reached skill level 1 in Slings
   779 | D:2      | Reached skill level 1 in Bows
   779 | D:2      | Reached skill level 1 in Crossbows
   779 | D:2      | Reached skill level 1 in Throwing
   779 | D:2      | Reached skill level 1 in Stealth
   779 | D:2      | Reached skill level 1 in Shields
   779 | D:2      | Reached skill level 1 in Unarmed Combat
   779 | D:2      | Reached skill level 1 in Spellcasting
   779 | D:2      | Reached skill level 1 in Evocations
   875 | D:2      | Found a runed translucent door.
   876 | D:2      | Noticed Crazy Yiuf
   977 | D:2      | Reached XP level 4. HP: 37/41 MP: 7/7
  1270 | D:2      | Reached skill level 1 in Conjurations
  1270 | D:2      | Reached skill level 1 in Hexes
  1270 | D:2      | Reached skill level 1 in Summonings
  1270 | D:2      | Reached skill level 1 in Necromancy
  1270 | D:2      | Reached skill level 1 in Translocations
  1270 | D:2      | Reached skill level 1 in Transmutations
  1270 | D:2      | Reached skill level 1 in Fire Magic
  1270 | D:2      | Reached skill level 1 in Ice Magic
  1270 | D:2      | Reached skill level 1 in Air Magic
  1270 | D:2      | Reached skill level 1 in Earth Magic
  1270 | D:2      | Reached skill level 1 in Poison Magic
  1614 | D:2      | Killed Crazy Yiuf
  1615 | D:2      | Reached XP level 5. HP: 30/47 MP: 8/8
  1911 | D:3      | Noticed Grinder
  1934 | D:3      | Paralysed by Grinder for 3 turns
  1940 | D:3      | Killed Grinder
  1941 | D:3      | Reached skill level 5 in Axes
  1941 | D:3      | Reached skill level 5 in Armour
  1941 | D:3      | Reached skill level 5 in Invocations
  1941 | D:3      | Reached XP level 6. HP: 11/53 MP: 9/9
  2215 | D:3      | Found a burning altar of Makhleb.
  2431 | D:3      | Found an iron altar of Okawaru.
  2431 | D:3      | Found a shimmering blue altar of Sif Muna.
  2674 | D:4      | Found a staircase to the Ecumenical Temple.
  2689 | D:4      | Reached XP level 7. HP: 59/59 MP: 10/10
  2786 | D:4      | Reached *** piety under Lugonu
  2889 | D:4      | Reached skill level 7 in Fighting
  3683 | D:5      | Entered Level 5 of the Dungeon
  3701 | D:5      | Found an ornate altar of the Wu Jian Council.
  4047 | D:5      | Found an opulent altar of Gozag.
  4072 | D:5      | Reached XP level 8. HP: 67/67 MP: 12/12
  4241 | D:5      | Cast into level 1 of the Abyss (orc)
  4265 | Abyss:1  | Noticed a large abomination
  4312 | Abyss:2  | Gained mutation: You are clumsy. (Dex -2) [a neqoxec]
  4313 | Abyss:2  | Gained mutation: You tend to lose your temper in combat. [a
                  | neqoxec]
  4320 | Abyss:2  | Gained mutation: Your spells are a little easier to cast,
                  | but a little less powerful. [a neqoxec]
  4432 | Abyss:3  | Noticed a smoke demon
  4434 | Abyss:3  | Noticed a freezing wraith
  4440 | D:5      | Escaped the Abyss
  4524 | D:5      | Noticed Sigmund
  4536 | D:5      | Noticed Sigmund
  4547 | D:5      | Killed Sigmund the bullfrog
  4861 | D:6      | Reached XP level 9. HP: 72/72 MP: 14/14
  5273 | D:6      | Reached **** piety under Lugonu
  5906 | D:7      | Reached skill level 5 in Dodging
  5971 | D:7      | Noticed a troll
  5980 | D:7      | Killed a troll
  5990 | D:7      | Reached skill level 8 in Fighting
  6323 | D:7      | HP: 1/74 [orc warrior/+0 glaive (40)]
  6324 | D:7      | Mangled by an orc warrior

Illustrated notes

Levels and vault maps discovered:
D:1:      roderic_chinese_lattice_arrival, layout_rooms,
          chequers_decorated_corner, hangedman_feature_mirror,
          lemuel_another_geyser
D:2:      layout_loops_ring, uniq_crazy_yiuf_cottage
D:3:      layout_basic, general_overflow_altar,
          gammafunk_temple_overflow_elements, uniq_grinder
D:4:      layout_basic, minmay_temple_entry_sparse_star
D:5:      layout_basic, grunt_gozag_statues, lemuel_altar_in_water, uniq_sigmund
D:6:      layout_gridville
D:7:      layout_gridville, chequers_serial_rivers_room_a, minmay_manual_moon,
          uniq_duvessa

Skill      XL: |  1  2  3  4  5  6  7  8  9 |
---------------+----------------------------+-----
Short Blades   | 1 2 3 4 |  4.6
Long Blades    | 1 2 3 4 |  4.6
Maces & Flails | 1 2 3 4 |  4.6
Polearms       | 1 2 3 4 |  4.6
Staves         | 1 2 3 4 |  4.6
Slings         | 1 2 3 4 |  4.6
Bows           | 1 2 3 4 |  4.6
Crossbows      | 1 2 3 4 |  4.6
Throwing       | 1 2 3 4 |  4.6
Stealth        | 1 2 3 4 |  4.6
Shields        | 1 2 3 4 |  4.6
Unarmed Combat | 1 2 3 4 |  4.6
Spellcasting   | 1 2 3 4 |  4.6
Evocations     | 1 2 3 4 |  4.6
Conjurations   | 1 2 3 |  3.8
Hexes          | 1 2 3 |  3.8
Summonings     | 1 2 3 |  3.8
Necromancy     | 1 2 3 |  3.8
Translocations | 1 2 3 |  3.8
Transmutations | 1 2 3 |  3.8
Fire Magic     | 1 2 3 |  3.8
Ice Magic      | 1 2 3 4 |  4.0
Air Magic      | 1 2 3 |  3.8
Earth Magic    | 1 2 3 |  3.8
Poison Magic   | 1 2 3 |  3.8
Axes           | 5 6 |  6.6
Armour         | 5 6 |  6.6
Dodging        | 3 4 5 |  5.3
Invocations    | 5 6 |  6.9
Fighting       | 7 8 |  8.1

Action                   |  1- 3 |  4- 6 |  7- 9 || total
-------------------------+-------+-------+-------++-------
Melee: Hand axe          |    69 |    40 |       ||   109
       Bite              |     4 |     6 |    35 ||    45
       Quarterstaff      |       |    71 |   266 ||   337
Invok: Depart the Abyss  |     1 |       |     1 ||     2
Evoke: Wand              |       |     2 |       ||     2
  Use: Scroll            |     4 |     5 |     8 ||    17
       Potion            |       |       |     4 ||     4
 Stab: Petrified         |       |       |     1 ||     1
       Confused          |       |       |     1 ||     1
Armor: Chain mail        |    60 |    45 |   138 ||   243
Dodge: Dodged            |    53 |    68 |   289 ||   410

Table legend: (Time is in decaauts)
 A = Elapsed time spent in this place.
 B = Non-inter-level travel time spent in this place.
 C = Inter-level travel time spent in this place.
 D = Time resting spent in this place.
 E = Time spent auto-exploring this place.
 F = Levels seen in this place.
 G = Mean time per level.
                   A        B        C        D        E       F      G
               +--------+--------+--------+--------+--------+-----+--------+
         Total |   6401 |   6198 |    203 |    587 |   4314 |  12 |  533.4 |
       Dungeon |   6067 |   5864 |    203 |    583 |   4045 |   7 |  866.7 |
         Abyss |    333 |    333 |      0 |      4 |    269 |   5 |   66.6 |
               +--------+--------+--------+--------+--------+-----+--------+

Top non-repeatable levels by time:
     D:2: 1108 daAuts
     D:4: 1039 daAuts
     D:6: 1016 daAuts
     D:5: 909 daAuts
     D:3: 870 daAuts
     D:7: 564 daAuts
     D:1: 557 daAuts
 Abyss:2: 137 daAuts
 Abyss:1: 110 daAuts
 Abyss:3: 85 daAuts
